 Dungeon Crawl Stone Soup version 0.31.0-11-ge490571c62 (webtiles) character file.

Game seed: 4451711877513025871

29 qw the Shooter (level 3, -6/20 HPs)
             Began as a Deep Elf Hunter on Feb 3, 2024.
             Killed by nerve-wracking pain
             ... invoked by Jessica
              (14 damage)
             ... on level 2 of the Dungeon.
             The game lasted 00:00:14 (653 turns).

qw the Shooter (Deep Elf Hunter)                     Turns: 653, Time: 00:00:15

Health: -6/20      AC:  6    Str: 10    XL:     3   Next: 1%
Magic:  5/5        EV:  9    Int: 13    God:
Gold:   40         SH:  0    Dex: 18    Spells: 2/2 levels left

rFire   . . .        a - +1 shortbow
rCold   . . .        (shield currently unavailable)
rNeg    . . .        j - +0 scale mail
rPois   .            (no helmet)
rElec   .            (no cloak)
rCorr   +            (no gloves)
SInv    .            (no boots)
Will    .....        f - amulet of the acrobat
Stlth   +            g - ring of resist corrosion
HPRegen 0.23/turn    (no ring)
MPRegen 0.09/turn

%: acrobat
@: no status effects
A: no striking features
a: no special abilities


You were on level 2 of the Dungeon.
You visited 1 branch of the dungeon, and saw 2 of its levels.

You collected 40 gold pieces.


   Skills:
 - Level 1.5 Fighting
 + Level 6.6 Ranged Weapons
 - Level 2.4 Dodging
 - Level 1.2 Stealth


You had 2 spell levels left.
You didn't know any spells.
Your spell library was empty.

Inventory:

Hand Weapons
 a - a +1 shortbow (weapon)
Armour
 j - a +0 scale mail (worn)
Jewellery
 f - an amulet of the acrobat (around neck)
 g - a ring of resist corrosion (left hand)
Scrolls
 b - a scroll of identify {unknown}
Potions
 h - a potion of resistance
 i - a potion of cancellation {unknown}

Dungeon Overview and Level Annotations

Branches:
Dungeon (2/15)

Altars:

Annotations:
D:2 Jessica


Message History

You shoot an arrow.
The arrow completely misses the giant cockroach.
The giant cockroach bites you but does no damage.
The giant cockroach barely misses you.
You shoot an arrow.
The arrow closely misses the giant cockroach.
The giant cockroach bites you but does no damage.
The giant cockroach barely misses you.
You shoot an arrow. The arrow hits the giant cockroach!
You kill the giant cockroach!
You have reached level 3!
Your experience leads to an increase in your attributes!
Increase (S)trength, (I)ntelligence, or (D)exterity?
You feel stronger. x2
You open the door.
Jessica the Apprentice Sorceress comes into view.
She is wielding a +4 club.
Jessica shouts!
Jessica moves out of view.
There is an open door here.
You shoot an arrow. The arrow closely misses Jessica.
You shoot an arrow. The arrow completely misses Jessica.
A ball python comes into view.
Jessica casts a spell.
Jessica blinks!
You shoot an arrow. The ball python hisses angrily.
The arrow hits Jessica.
Jessica is moderately wounded.
You shoot an arrow. The arrow hits Jessica.
Jessica is almost dead.
You shoot an arrow.
The arrow hits Jessica but does no damage.
Jessica is almost dead.
Jessica casts a spell at you. Pain shoots through your body!
Ouch! That really hurt!
Jessica gestures at you while chanting. Pain shoots through your body!
Ouch! That really hurt!
You die...

..... ...... ......
...... ###+#..#... .
#...S........####
#####.....####.##...#
......@@.....#.##...#
.....##'####.#.##...#
.....##.####.#.##...#
.............#.##...#
.............#.##<..#
.............#.##...#
.(..........)#......#
.....##+####%%......#
..... #........#


You could see Jessica and a ball python.

Vanquished Creatures
  A dart slug (D:1)
  A ribbon worm (D:2)
  An endoplasm (D:1)
  2 giant cockroaches
  3 goblins
  4 hobgoblins (D:1)
  A kobold (D:1)
  A quokka (D:2)
  4 ball pythons (D:1)
  2 bats (D:1)
  3 frilled lizards (D:1)
23 creatures vanquished.

Notes
Turn   | Place    | Note
-------+----------+-------------------------------------------
     0 | D:1      | qw the Deep Elf Hunter began the quest for the Orb.
     0 | D:1      | Reached XP level 1. HP: 12/12 MP: 3/3
     0 | D:1      | 0 ||| qw: Version: 0.3-a-155-g5e7d8dd
     0 | D:1      | 0 ||| qw: Game counter: 3309
     0 | D:1      | 0 ||| qw: Melee chars always use a shield: true
     0 | D:1      | 0 ||| qw: God list: Okawaru
     0 | D:1      | 0 ||| qw: Allow faded altars: false
     0 | D:1      | 0 ||| qw: Do Orc after clearing Dungeon:15 true
     0 | D:1      | 0 ||| qw: Do second Lair branch before Depths: true
     0 | D:1      | 0 ||| qw: Lair rune preference: random
     0 | D:1      | 0 ||| qw: Goals: Normal
     0 | D:1      | 0 ||| PLANNING D:1-11
   163 | D:1      | Reached XP level 2. HP: 16/16 MP: 4/4
   164 | D:1      | Reached skill level 6 in Ranged Weapons
   531 | D:1      | 531 ||| UPGRADING to +0 scale mail.
   541 | D:1      | 541 ||| DROPPING +0 leather armour.
   542 | D:1      | 542 ||| UPGRADING to amulet of the acrobat.
   547 | D:1      | 547 ||| UPGRADING to ring of resist corrosion.
   548 | D:1      | 548 ||| READING scroll labelled CEKO XAUZOLAE.
   549 | D:1      | 549 ||| READING scroll labelled VYMPURIXAM.
   553 | D:1      | 553 ||| READING scroll labelled TAMIUN FIDOI.
   553 | D:1      | 553 ||| ENCHANTING +0 shortbow.
   554 | D:1      | 554 ||| DRINKING 2 puce potions.
   555 | D:1      | 555 ||| DROPPING scroll of butterflies.
   613 | D:2      | 613 ||| FLEEEEING.
   645 | D:2      | Reached XP level 3. HP: 20/20 MP: 5/5
   647 | D:2      | Noticed Jessica
   653 | D:2      | Killed from afar by Jessica

Levels and vault maps discovered:
D:1:      heliophobic_arrival_enchanted_forest, layout_rooms,
          chequers_serial_rivers_large_a, nrook_loot_triangle,
          roderic_roman_lattice, kennysheep_flooded_box
D:2:      layout_basic, uniq_crazy_yiuf_cottage, uniq_jessica

Skill      XL: |  1  2 |
---------------+-------+-----
Ranged Weapons | 6 |  6.6
Fighting       | |  1.5
Dodging        | |  2.4
Stealth        | |  1.2

Action                     || total
---------------------------++-------
   Fire: Shortbow          ||    77
    Use: Scroll            ||     3
         Potion            ||     1
 Armour: Leather armour    ||     6
         Scale mail        ||     9
  Dodge: Dodged            ||    25

Table legend:
 A = Non-vault XP
 B = Vault XP
 C = Vault XP percentage of total XP
 D = Non-vault monster count
 E = Vault monster count
 F = Vault count percentage of total count
                 A         B        C        D         E       F
            +---------+---------+-------+---------+---------+-------
      Total |      42 |       0 |   0.0 |      23 |       0 |   0.0
            +---------+---------+-------+---------+---------+-------
        D:1 |      32 |       0 |   0.0 |      19 |       0 |   0.0
        D:2 |      10 |       0 |   0.0 |       4 |       0 |   0.0
            +---------+---------+-------+---------+---------+-------
